 Dungeon Crawl Stone Soup version 0.17-a0-1295-gefc790a (webtiles) character file.

114 Chiseanne the Sneak (level 4, 3/21 HPs)
             Began as a Spriggan Enchanter on June 7, 2015.
             Quit the game on level 2 of the Dungeon.
             The game lasted 00:04:10 (1293 turns).

Chiseanne the Sneak (Spriggan Enchanter)            Turns: 1293, Time: 00:04:10

Health: 3/21       AC:  3    Str:  9    XL:     4   Next: 67%
Magic:  3/9        EV: 19    Int: 16    God:
Gold:   48         SH:  0    Dex: 17    Spells: 2 memorised, 6 levels left

rFire  . . .     SeeInvis +     a - +1 dagger
rCold  . . .     Clarity  .     b - +1 robe
rNeg   . . .     SustAt   .     (shield restricted)
rPois  .         Gourm    .     (helmet restricted)
rElec  .         Spirit   .     (no cloak)
rCorr  .         Warding  .     (gloves unavailable)
rMut   .         Stasis   .     (boots unavailable)
MR     .....                    (no amulet)
Stlth  ++++......               (no ring)
                                (no ring)

@: mighty, lethally poisoned (3 -> -18), very quick, not resistant to hostile
enchantments, stealthy
A: unfitting armour, see invisible, herbivore 3, speed 3, slow metabolism 2
a: no special abilities


You were on level 2 of the Dungeon.
You were not hungry.

You visited 1 branch of the dungeon, and saw 2 of its levels.

You collected 48 gold pieces.

Inventory:

Hand weapons
 a - a +1 dagger (weapon)
 d - a +0 short sword of holy wrath
 s - a +0 dagger of flaming
Armour
 b - a +1 robe (worn)
Books
 c - a book of Maledictions

   Spells                             Type                      Level
   a - Corona                         Hexes                        1
   b - Ensorcelled Hibernation        Hexes/Ice                    2
   c - Confuse                        Hexes                        3
   d - Tukima's Dance                 Hexes                        3
   e - Dazzling Spray                 Conjuration/Hexes            3
Comestibles
 i - a bread ration


   Skills:
 * Level 2.0 Short Blades
 * Level 4.1 Dodging
 * Level 6.0 Stealth
 * Level 3.2 Spellcasting
 * Level 4.4 Hexes


You had 6 spell levels left.
You knew the following spells:

 Your Spells              Type           Power        Failure   Level  Hunger
a - Corona                Hex            ###....      3%          1    None
b - Ensorcelled Hibernat  Hex/Ice        #.....       12%         2    ##.....


Dungeon Overview and Level Annotations

Branches:
Dungeon (2/15)

Altars:


Innate Abilities, Weirdness & Mutations

You are tiny and cannot use many weapons and most armour.
You have supernaturally acute eyesight.
You are a herbivore.
You cover ground extremely quickly.
You need consume almost no food.


Message History

A hobgoblin comes into view.
* * * LOW HITPOINT WARNING * * *
You feel sick.
Drink which item? (? for menu, Esc to quit)
It was a potion of might.
You feel very mighty all of a sudden.
* * * LOW HITPOINT WARNING * * *
You feel sick.
Drink which item? (? for menu, Esc to quit)
It was a potion of poison.
That liquid tasted very nasty...
You are more poisoned.
* * * LOW HITPOINT WARNING * * *
You feel sick.
* * * LOW HITPOINT WARNING * * *
You feel sick.
Read which item? (? for menu, Esc to quit)
Okay, then.
Are you sure you want to abandon this character and quit the game? (Confirm with "yes".)
Okay, then.
Are you sure you want to abandon this character and quit the game? (Confirm with "yes".)

### ..# #.# ## #.#
#########. #.#
#.....@... #.#
#.#######. # #.# #.# #.
#.#####.###†#######.
#..@ggg<)..)g.......
#######.#......#####
#.#####...........#.....
.........)...#......####
##.###.##########.## #.#
#.# #.# #.# #.## #.#
#.###..##### #.######


You could see 3 goblins.

Vanquished Creatures
  Jessica (D:2)
  Terence (D:2)
  Robin (D:2)
  2 adders (D:2)
  2 worms (D:2)
  2 giant geckos
  4 hobgoblins
  4 kobolds
  5 bats
  3 giant newts (D:1)
  6 goblins
  3 rats (D:1)
34 creatures vanquished.

Notes
Turn   | Place    | Note
--------------------------------------------------------------
     0 | D:1      | Chiseanne the Spriggan Enchanter began the quest for the Orb.
     0 | D:1      | Reached XP level 1. HP: 9/9 MP: 5/5
   170 | D:1      | Reached XP level 2. HP: 13/13 MP: 6/6
   511 | D:1      | Learned a level 2 spell: Ensorcelled Hibernation
   659 | D:2      | Noticed Terence
   676 | D:2      | Killed Terence
   676 | D:2      | Reached skill level 5 in Stealth
   676 | D:2      | Reached XP level 3. HP: 14/16 MP: 6/8
  1123 | D:2      | Reached XP level 4. HP: 21/21 MP: 6/9
  1175 | D:2      | Noticed Jessica
  1184 | D:2      | Noticed Robin
  1230 | D:2      | Killed Jessica
  1286 | D:2      | Killed Robin
  1286 | D:2      | Reached skill level 6 in Stealth
  1293 | D:2      | Quit the game

Vault maps used:
D:1:      minmay_arrival_checkered_box
D:2:      grunt_temple_overflow_gold_and_silver, lemuel_crystal_altar,
          yredelemnul_altar_generic, nicolae_overflow_hidden_temple,
          uniq_terence, uniq_jessica, uniq_robin

Action                   |  1- 3 |  4- 6 || total
-------------------------+-------+-------++-------
Melee: Dagger            |    66 |    20 ||    86
 Cast: Corona            |     2 |       ||     2
       Ensorcelled Hiber |     6 |     7 ||    13
  Use: Scroll            |     1 |       ||     1
       Potion            |       |     2 ||     2
 Stab: Sleeping          |    14 |     5 ||    19
